 Dungeon Crawl Stone Soup version 0.17-a0-1397-g0eee0a3 (webtiles) character file.

69 WellDressedCM the Bolt Thrower (level 4, 0/37 HPs)
             Began as a Formicid Hunter on June 17, 2015.
             Killed from afar by Natasha (3 damage)
             ... with a magic dart
             ... on level 2 of the Dungeon.
             The game lasted 00:17:24 (887 turns).

WellDressedCM the Bolt Thrower (Formicid Hunter)     Turns: 887, Time: 00:17:24

Health: 0/37       AC:  6    Str: 16    XL:     4   Next: 42%
Magic:  7/7        EV: 11    Int: 11    God:
Gold:   35         SH:  0    Dex: 12    Spells: 0 memorised, 7 levels left

rFire  . . .     SeeInvis +     k - +0 spear
rCold  . . .     Clarity  .     l - +0 ring mail
rNeg   . . .     SustAt   .     (no shield)
rPois  .         Gourm    .     (helmet unavailable)
rElec  .         Spirit   .     (no cloak)
rCorr  .         Warding  .     g - +0 pair of gloves
rMut   .         Stasis   +     (no boots)
MR     .....                    (no amulet)
Stlth  ++........               (no ring)
                                (no ring)

@: not resistant to hostile enchantments, unstealthy
A: permanent stasis, dig shafts and tunnels, four strong arms, antennae 3
a: Dig, Shaft Self


You were on level 2 of the Dungeon.
You were hungry.

You visited 1 branch of the dungeon, and saw 2 of its levels.

You collected 35 gold pieces.

Inventory:

Hand weapons
 a - a +1 hand crossbow
 c - a +0 short sword
 j - a +0 dagger
 k - a +0 spear (weapon)
 r - a +0 spear
Missiles
 b - 11 bolts
 f - 44 sling bullets
 h - 4 stones (quivered)
 m - 22 poisoned needles
 q - 28 arrows
Armour
 g - a +0 pair of gloves (worn)
 l - a +0 ring mail (worn)
Scrolls
 d - a scroll of fear {unknown}
Comestibles
 e - 2 bread rations
 n - 4 fruits
 o - 7 chunks of flesh


   Skills:
 + Level 3.7 Fighting
 + Level 2.4 Short Blades
 + Level 2.2 Polearms
 + Level 6.0 Crossbows
 + Level 2.7 Armour
 + Level 2.0 Dodging
 + Level 4.9 Stealth
   Level 3.0 Shields
 + Level 2.4 Unarmed Combat
 + Level 2.4 Spellcasting


You had 7 spell levels left.
You didn't know any spells.

Dungeon Overview and Level Annotations

Branches:
Dungeon (2/15)

Altars:

Annotations:
D:2 Natasha


Innate Abilities, Weirdness & Mutations

You are under a permanent stasis effect.
You can dig through walls and to a lower floor.
Your four strong arms can wield two-handed weapons with a shield.
You have a pair of large antennae on your head (SInv).


Message History

You barely miss the shadow imp.
The shadow imp is almost dead.
Natasha misses you. The shadow imp barely misses you.
You hit the shadow imp.
You kill the shadow imp!
Natasha growls.
Natasha claws you.
You hit the iron imp but do no damage. Natasha completely misses you.
The iron imp barely misses you.
You hit Natasha but do no damage.
Natasha stares at you and mumbles some strange words.
The magic dart hits you! The iron imp hits you!
* * * LOW HITPOINT WARNING * * *
Natasha casts a spell at you. The magic dart hits you!
* * * LOW HITPOINT WARNING * * *
You are feeling hungry.
Natasha casts a spell at you. The magic dart hits you!
You die...

..... .#.. ..... ...#
.........## .#.[
...##.....# ##... #
#..#.....# ##...
##.##.....#.###..#
.#............#...#
......(.(..((...#.#
.......@...###....#
...........>##.#.†#
............##.#..#####
...........h...#......#
##.........##..#.####.##
#.........##....# #..#
#.........##.#..## ##..
#..........#.....# ###
#######....#..<..#####.


You could see Natasha.

Vanquished Creatures
  2 adders (D:2)
  A worm (D:2)
  3 bats
  2 giant cockroaches
  A hobgoblin (D:1)
  2 ball pythons
  3 giant newts (D:1)
  5 goblins
  4 kobolds (D:1)
  3 rats (D:1)
  A bush (D:1)
27 creatures vanquished.

Notes
Turn   | Place    | Note
--------------------------------------------------------------
     0 | D:1      | WellDressedCM the Formicid Hunter began the quest for the Orb.
     0 | D:1      | Reached XP level 1. HP: 16/16 MP: 1/1
   382 | D:1      | Reached XP level 2. HP: 22/22 MP: 2/2
   644 | D:1      | Reached skill level 6 in Crossbows
   644 | D:1      | Reached XP level 3. HP: 26/30 MP: 2/6
   794 | D:2      | Reached XP level 4. HP: 37/37 MP: 7/7
   864 | D:2      | Noticed Natasha
   887 | D:2      | Killed from afar by Natasha

Vault maps used:
D:1:      sevenhm_arrival_forest_fort_large_4, hangedman_glass_teeth
D:2:      lemuel_upstairs_altar, grunt_dithmenos_smoke_and_mirrors, uniq_natasha

Action                   |  1- 3 |  4- 6 || total
-------------------------+-------+-------++-------
Melee: Short sword       |   197 |       ||   197
       Hand crossbow     |     7 |       ||     7
       Spear             |       |     6 ||     6
 Fire: Hand crossbow     |    47 |    10 ||    57
Throw: Stone             |       |     1 ||     1
  Use: Potion            |     3 |       ||     3
       Scroll            |     3 |       ||     3
